 Seeded DCSS version 0.29.0-11-gd7f09526c8 (webtiles) character file.

Game seed: 3875183420463564524 (custom seed)

4456 bwicke the Carver (level 10, -2/61 HPs)
             Began as a Barachi Gladiator on Sept 6, 2022.
             Was a Follower of Hepliaklqana.
             Slain by an orc warrior
             ... wielding a +0 halberd
              (19 damage)
             ... in a bailey.
             The game lasted 00:24:37 (7049 turns).

bwicke the Carver (Barachi Gladiator)               Turns: 7049, Time: 00:24:37

Health: -2/61      AC:  9    Str: 17    XL:     10   Next: 37%
Magic:  10/10      EV: 14    Int:  8    God:    Hepliaklqana [*.....]
Gold:   222        SH: 15    Dex: 23    Spells: 9/9 levels left

rFire   + . .      SeeInvis .   K - +9 scimitar of Punishment {speed, rCorr}
rCold   . . .      Faith    .   H - +2 buckler
rNeg    . . .      Spirit   .   Y - +0 steam dragon scales
rPois   .          Reflect  +   c - +0 helmet
rElec   .          Harm     .   I - +0 cloak
rCorr   +          Rampage  .   J - +0 pair of gloves
Will    .....                   E - +0 pair of boots
Stlth   ++........              G - amulet of reflection
HPRegen 0.20/turn               T - +6 ring of dexterity
MPRegen 0.12/turn               x - ring of protection from fire

@: slow
A: reduced essence, amphibious, slowness 1, strong legs 1, +LOS
a: Hop, Renounce Religion, Recall Ancestor, Ancestor Identity


You were in a bailey.
You worshipped Hepliaklqana.
Hepliaklqana was aware of your devotion.
You visited 2 branches of the dungeon, and saw 9 of its levels.
You also visited: Bailey.

You collected 390 gold pieces.
You spent 168 gold pieces at shops.

Inventory:

Hand Weapons
 m - a +2 dagger of speed
 B - the +10 mace "Bolueq" {freeze, rElec Stlth+}
   (You took it off a kobold on level 4 of the Dungeon)

   It freezes those it strikes, dealing additional cold damage.
   It can also slow down cold-blooded creatures.
   rElec:     It insulates you from electricity.
   Stlth:     It makes you more stealthy.
 K - the +9 scimitar of Punishment (weapon) {speed, rCorr}
   (You found it on level 4 of the Dungeon)

   Attacks with this weapon are significantly faster.
   rCorr:     It protects you from acid and corrosion.
 L - a +1 whip of flaming
 N - a +2 vampiric dagger
 W - a +0 flail of holy wrath
Missiles
 d - 5 throwing nets
 e - a javelin
 k - 12 poisoned darts (quivered)
 t - 2 atropa-tipped darts
Armour
 c - a +0 helmet (worn)
 f - a +0 kite shield
 E - a +0 pair of boots (worn)
 H - a +2 buckler (worn)
 I - a +0 cloak (worn)
 J - a +0 pair of gloves (worn)
 M - the +5 tower shield of Getoti {rElec rF+ Dex+3}
   (You found it on level 5 of the Dungeon)

   Dex:       It affects your dexterity (+3).
   rF:        It protects you from fire.
   rElec:     It insulates you from electricity.
 Y - +0 steam dragon scales (worn)
Magical Staves
 C - a staff of air
Jewellery
 b - a ring of fire
 i - a +6 ring of strength
 p - a +6 ring of dexterity
 x - a ring of protection from fire (right hand)
 y - an amulet of the acrobat
 D - a +6 ring of strength
 F - a ring of positive energy
 G - an amulet of reflection (around neck)
 T - a +6 ring of dexterity (left hand)
Wands
 w - a wand of roots (3)
 P - a wand of polymorph (13)
 U - a wand of light (10)
Scrolls
 h - a scroll of fear
 l - 2 scrolls of amnesia
 n - 4 scrolls of magic mapping
 o - 3 scrolls of blinking
 r - a scroll of vulnerability {unknown}
 s - a scroll of torment
 z - 2 scrolls of immolation
 V - a scroll of silence {unknown}
 Z - 3 scrolls of teleportation
Potions
 a - 3 potions of heal wounds {unknown}
 g - a potion of berserk rage
 j - a potion of cancellation
 q - 2 potions of invisibility {unknown}
 u - 3 potions of might {unknown}
 v - a potion of brilliance {unknown}
 A - 2 potions of curing
 O - a potion of flight
 Q - a potion of degeneration {unknown}
 R - 2 potions of mutation {unknown}
 S - a potion of attraction {unknown}
 X - a potion of magic {unknown}


   Skills:
 - Level 2.4 Fighting
 - Level 14.0 Long Blades
 - Level 2.0 Throwing
 - Level 3.2 Dodging
 + Level 10.3 Shields


You had 9 spell levels left.
You didn't know any spells.
Your spell library contained the following spells:

 Spells                   Type           Power      Damage    Failure   Level
 Beastly Appendage        Tmut           0%         N/A       45%         1
 Sting                    Tmut/Pois      0%         1d3       45%         1
 Poisonous Vapours        Pois/Air       0%         N/A       61%         2
 Call Canine Familiar     Summ           0%         N/A       83%         3
 Portal Projectile        Hex/Tloc       0%         N/A       83%         3
 Stone Arrow              Conj/Erth      0%         3d7       83%         3
 Summon Guardian Golem    Hex/Summ       0%         N/A       83%         3
 Tukima's Dance           Hex            0%         N/A       83%         3
 Animate Armour           Summ/Erth      0%         N/A       99%         4
 Leda's Liquefaction      Hex/Erth       0%         N/A       99%         4
 Olgreb's Toxic Radiance  Pois           0%         N/A       99%         4
 Irradiate                Conj/Tmut      0%         3d11      100%        5
 Yara's Violent Unravell  Hex/Tmut       0%         3d3       100%        5
 Orb of Destruction       Conj           0%         9d5       100%        7
 Spellforged Servitor     Conj/Summ      0%         N/A       100%        7
 Lehudib's Crystal Spear  Conj/Erth      0%         10d2      100%        8


Dungeon Overview and Level Annotations

Branches:
Dungeon (8/15)             Temple (1/1) D:7          Bailey (1/1)
   Lair: D:8-11

Altars:
Ashenzari
Cheibriados
Dithmenos
Elyvilon
Gozag
Hepliaklqana
Makhleb
Nemelex Xobeh
Okawaru
Qazlal
Ru
Sif Muna
Trog
Uskayaw
Vehumet
Wu Jian
Xom
Yredelemnul
The Shining One

Shops:
D:3 !   D:4 =   D:7 *

Annotations:
Temple 4 transporters


Innate Abilities, Weirdness & Mutations

Your life essence is reduced to manifest your ancestor. (-10% HP)
You are amphibious.
You cover ground slowly.
You can hop short distances.
You have an extended range of vision and can be seen from far away.


Message History

The orc warrior barely misses you.
The orc warrior hits you from afar with a +0 spear!
Your Shields skill increases to level 10!
The orc warrior completely misses you. You block the orc warrior's attack.
You barely miss the orc warrior.
Atia closely misses the orc warrior.
You block the orc warrior's attack. x2
You hit the orc warrior but do no damage.
You barely miss the orc warrior.
Atia barely misses the orc warrior.
You slash the orc warrior!
The orc warrior is heavily wounded.
You block the orc warrior's attack. x2; The orc warrior closely misses you.
You slash the orc warrior!
The orc warrior is severely wounded.
Atia barely misses the orc warrior.
The orc warrior closely misses you.
The orc warrior hits you with a +0 spear!
You block the orc warrior's attack.
You slash the orc warrior!
You kill the orc warrior!
Atia misses the orc warrior.
You block the orc warrior's attack. x2
Things that are here:
a +0 spear; a +0 chain mail; an orc corpse You slice the orc warrior!!
The orc warrior is severely wounded.
Atia closely misses the orc warrior.
The orc warrior hits you from afar with a +0 glaive.
The orc warrior closely misses you.
You closely miss the orc warrior.
The orc warrior is severely wounded.
You hit the orc warrior.
The orc warrior is almost dead.
Atia completely misses the orc warrior.
The orc warrior hits you from afar with a +0 glaive!
The orc warrior hits you with a +0 glaive!
* * * LOW HITPOINT WARNING * * *
You slash the orc warrior!
You kill the orc warrior!
Atia barely misses the orc warrior.
You block the orc warrior's attack.
Atia barely misses the orc warrior.
The orc warrior hits you from afar with a +0 halberd!!
You die...

############+#############)~.#
#.$$ .........##.....##.~.#
##.$.# .≈≈≈.≈≈≈..##...##).~.#
. #.## §§.....≈≈..+#.##..~~.#
. +# §...⌠...≈≈..#+#..~~.## .
...⌠∩⌠..o...# #..~~.∩# .
≈≈....o≈§).# ##..~~.#
.≈≈≈≈≈R≈).## ##..~.#
........@## ##.~.#
########+###'#########.~.#
....##.... ##..).......~.#
~~~..##.∩.##..)~~~~~~~~~.#
..~~..# ##)))~..........#
#..~~..###..~~..##########
#..~~.....~~..##
##..~~~)~~~..## ##.........##


You could see the friendly Atia the ancestor and 2 orc warriors.

Vanquished Creatures
  Pikel (D:5)
  Maggie (D:7)
  Prince Ribbit (D:6)
  Grinder (D:4)
  A steam dragon (D:7)
  Duvessa (D:6)
  3 black bears
  3 water moccasins
  6 orc warriors
  2 sky beasts
  An ice beast (D:6)
  2 ogres (D:5)
  2 phantoms
  3 bullfrogs
  A gnoll sergeant (D:6)
  3 scorpions
  Dowan (D:6)
  2 howler monkeys
  4 jellies
  4 orc priests
  A hound (D:7)
  A gnoll bouda (D:5)
  7 orc wizards
  4 iguanas
  3 adders
  13 gnolls
  An ufetubus (D:5)
  A worm (D:2)
  A dart slug (D:1)
  34 orcs
  11 endoplasms
  2 giant cockroaches
  8 goblins
  8 hobgoblins
  3 jackals (D:2)
  6 kobolds
  4 quokkas
  2 ball pythons (D:2)
  8 bats
  4 frilled lizards
  8 rats
173 creatures vanquished.

Vanquished Creatures (collateral kills)
  4 orcs
  A goblin (D:8)
5 creatures vanquished.

Vanquished Creatures (others)
  A wizard (D:7)
  An ancestor (Bailey)
2 creatures vanquished.

Grand Total: 180 creatures vanquished

Notes
Turn   | Place    | Note
-------+----------+-------------------------------------------
     0 | D:1      | bwicke the Barachi Gladiator began the quest for the Orb.
     0 | D:1      | Reached XP level 1. HP: 17/17 MP: 1/1
    33 | D:1      | Reached skill level 4 in Long Blades
   132 | D:1      | Reached XP level 2. HP: 22/23 MP: 2/2
   456 | D:1      | Reached skill level 5 in Long Blades
   456 | D:1      | Reached XP level 3. HP: 4/28 MP: 3/3
  1672 | D:2      | Found a faded altar of an unknown god.
  2228 | D:3      | Reached skill level 6 in Long Blades
  2228 | D:3      | Reached XP level 4. HP: 34/34 MP: 4/4
  2246 | D:3      | Found Eskeli's Distillery.
  3135 | D:4      | Reached XP level 5. HP: 18/39 MP: 5/5
  3138 | D:4      | Reached skill level 7 in Long Blades
  3337 | D:4      | Identified the +10 mace "Bolueq" {freeze, rElec Stlth+}
  3340 | D:4      | Found Ycwi's Jewellery Shoppe.
  3516 | D:4      | Noticed Grinder
  3519 | D:4      | Noticed a black bear
  3535 | D:4      | Killed a black bear
  3536 | D:4      | Reached skill level 8 in Long Blades
  3536 | D:4      | Reached XP level 6. HP: 38/46 MP: 6/6
  3541 | D:4      | Paralysed by Grinder for 5 turns
  3549 | D:4      | Killed Grinder
  3550 | D:4      | Reached skill level 9 in Long Blades
  3550 | D:4      | Reached XP level 7. HP: 12/51 MP: 7/7
  3553 | D:4      | Found a sparkling altar of Nemelex Xobeh.
  3875 | D:4      | Identified the +9 scimitar of Punishment {speed, rCorr}
  4037 | D:5      | Entered Level 5 of the Dungeon
  4254 | D:5      | Reached skill level 10 in Long Blades
  4270 | D:5      | Noticed Pikel
  4277 | D:5      | Killed Pikel
  4278 | D:5      | Reached skill level 11 in Long Blades
  4278 | D:5      | Reached XP level 8. HP: 38/57 MP: 8/8
  4476 | D:5      | Reached skill level 12 in Long Blades
  4496 | D:5      | Identified the +5 tower shield of Getoti {rElec rF+ Dex+3}
  4660 | D:5      | Found a hazy altar of Hepliaklqana.
  4660 | D:5      | Found an iron altar of Okawaru.
  4675 | D:5      | Found a stormy altar of Qazlal.
  4688 | D:5      | Found a shimmering blue altar of Sif Muna.
  4700 | D:5      | Became a worshipper of Hepliaklqana the Forgotten
  4901 | D:5      | Reached skill level 13 in Long Blades
  5055 | D:5      | Found a radiant altar of Vehumet.
  5127 | D:6      | Noticed Dowan
  5127 | D:6      | Noticed Duvessa
  5135 | D:6      | Reached XP level 9. HP: 32/62 MP: 9/9
  5150 | D:6      | Killed Duvessa
  5151 | D:6      | Reached skill level 14 in Long Blades
  5174 | D:6      | Reached skill level 1 in Shields
  5774 | D:6      | Reached skill level 5 in Shields
  5816 | D:6      | Killed Dowan
  5886 | D:6      | Noticed Prince Ribbit
  5900 | D:6      | Killed Prince Ribbit
  5976 | D:6      | Found an opulent altar of Gozag.
  6083 | D:7      | Noticed Maggie
  6105 | D:7      | Killed Maggie
  6106 | D:7      | Reached XP level 10. HP: 41/68 MP: 10/10
  6236 | D:7      | Reached * piety under Hepliaklqana
  6674 | D:7      | Got the Discourse on Mutagenic Guile
  6713 | D:7      | Found Suluolon's Assorted Antiques.
  6729 | D:7      | Bought a scroll labelled TINULA IFEU for 24 gold pieces
  6730 | D:7      | Bought a scroll of identify for 48 gold pieces
  6730 | D:7      | Bought a scroll of identify for 48 gold pieces
  6730 | D:7      | Bought a scroll of identify for 48 gold pieces
  6734 | D:7      | Found a bloodstained altar of Trog.
  6734 | D:7      | Noticed a wizard
  6740 | D:7      | Killed a wizard
  6772 | D:7      | Found a staircase to the Ecumenical Temple.
  6787 | Temple   | Entered the Ecumenical Temple
  6787 | Temple   | Found a transporter.
  6787 | Temple   | Found a transporter.
  6788 | Temple   | Found a transporter.
  6788 | Temple   | Found a transporter.
  6868 | D:8      | Found a flagged portal.
  6910 | Bailey   | Entered a bailey
  7036 | Bailey   | Reached skill level 10 in Shields
  7049 | Bailey   | Slain by an orc warrior

Illustrated notes

Levels and vault maps discovered:
D:1:      elethiomel_arrival_infinity_welcomes_careful_drivers, layout_basic
D:2:      layout_basic, shapermc_ecumenical_altar_starsandcircs,
          roderic_lattice_a, kennysheep_potato
D:3:      layout_loops_ring, serial_shops, nicolae_shop_behind_doors,
          corexii_leaking_fountain
D:4:      layout_rooms, amcnicky_altar_gilded, serial_shops,
          nicolae_stop_n_shop_2, uniq_grinder
D:5:      layout_basic, kennysheep_mini, grunt_temple_overflow_cloverleaf,
          uniq_pikel
D:6:      layout_basic, lemuel_doored_altar, uniq_duvessa, uniq_prince_ribbit1
D:7:      layout_basic, trog_wizard, minmay_temple_entry_junction, serial_shops,
          shop, uniq_maggie
D:8:      layout_basic, enter_bailey_3, uniq_maurice, uniq_grum
Temple:   hellmonk_temple_divided_pantheon
Bailey:   bailey_polearm_1, bailey

Skill      XL: |  1  2  3  4  5  6  7  8  9 10 |
---------------+-------------------------------+-----
Long Blades    | 4 5 6 8 9 11 13 14 | 14.0
Shields        | 8 10 | 10.3
Fighting       | |  2.4
Throwing       | |  2.0
Dodging        | |  3.2

Action                   |  1- 3 |  4- 6 |  7- 9 | 10-12 || total
-------------------------+-------+-------+-------+-------++-------
Melee: Long sword        |   100 |    87 |     2 |       ||   189
       Punch             |     2 |       |       |       ||     2
       Scimitar          |       |       |   183 |    93 ||   276
Throw: Throwing net      |     1 |       |     3 |       ||     4
       Dart              |     5 |     4 |     4 |       ||    13
       Javelin           |       |     1 |       |       ||     1
Invok: Recall Ancestor   |       |       |       |     1 ||     1
Evoke: Wand              |       |     1 |       |       ||     1
  Use: Scroll            |     3 |     2 |     3 |     4 ||    12
       Potion            |       |     1 |     2 |       ||     3
 Stab: Sleeping          |     1 |       |       |       ||     1
       Held in net/web   |       |       |     2 |       ||     2
Armor: Leather armour    |    16 |       |       |       ||    16
       Ring mail         |    13 |    23 |    21 |     1 ||    58
       Steam dragon scal |       |       |       |    12 ||    12
Dodge: Dodged            |    70 |    56 |    52 |    30 ||   208
Block: Buckler           |       |       |    65 |    59 ||   124
       Reflection        |       |       |     2 |       ||     2
